AoeStats
← BattiLaFiacca

Black Forest

510164685Analyzed
4v4 RM · 4d ago on Sep 29, 2026· 47m 24s· 8 players
Game mode
Random Map
Map size
Large (8 player)
Population
200
Speed
Normal
Resources
Standard
Victory
Conquest
Starting age
Dark Age
Ending age
Imperial Age
RankedLock teamsTeams togetherTeam positionsShared explorationLock speedFull tech treeHidden civsTurbo modeCheats
Victory
Defeat
🇮🇹 Jurchens · Italy
1051
+13
🇮🇹 Bohemians · Italy
1051
+13
🇲🇽 Celts · Mexico
993
+15
🇮🇹 Italians · Italy
923
+19
🇷🇺 Bulgarians · Russia
1075
-18
🇷🇺 Danes · Russia
1048
-18
🇷🇺 Bohemians · Russia
983
-15
🇷🇺 Goths · Russia
829
-26
Garion
1:40 Loom
11:52 Feudal Age
16:31 Castle Age
14:51 Double-Bit Axe
14:48 Horse Collar
18:41 Wheelbarrow
27:12 Hand Cart
28:42 Bow Saw
29:06 Heavy Plow
29:41 Gold Mining
29:43 Stone Mining
30:19 Town Watch
33:58 Imperial Age
32:46 Gold Shaft Mining
32:49 Stone Shaft Mining
32:42 Town Patrol
33:04 Forging
32:55 Scale Mail Armor
32:22 Man-at-Arms
32:48 Gambesons
33:03 Squires
32:49 Arson
32:26 Pikeman
33:58 Iron Casting
33:12 Long Swordsman
34:13 Chain Mail Armor
34:15 Masonry
34:28 Ballistics
34:05 Murder Holes
35:08 Conscription
34:14 Hamask
34:15 Elite Jomsviking
34:19 Two-Handed Swordsman
35:13 Siege Engineers
35:39 Champion
35:40 Elite Varangian Guard
35:42 Halberdier
38:41 Blast Furnace
38:58 Plate Mail Armor
38:16 Northmen's Fury
44:50 Chemistry
Ryōshū
2:02 Loom
15:51 Feudal Age
16:35 Double-Bit Axe
16:32 Horse Collar
18:45 Wheelbarrow
20:41 Gold Mining
22:56 Scale Mail Armor
23:09 Forging
27:46 Castle Age
26:23 Stone Mining
29:05 Hand Cart
31:11 Stone Shaft Mining
30:40 Heavy Plow
30:53 Bow Saw
40:42 Anarchy
Don Quixote
0:28 Loom
12:20 Feudal Age
14:21 Horse Collar
14:32 Double-Bit Axe
19:50 Castle Age
22:05 Bow Saw
22:56 Heavy Plow
29:29 Fletching
29:40 Padded Archer Armor
32:57 Ballistics
33:37 Chemistry
32:56 Masonry
33:12 Bodkin Arrow
33:28 Forging
33:19 Scale Mail Armor
33:35 Leather Archer Armor
33:01 Pikeman
33:42 Squires
33:28 Arson
34:48 Wagenburg Tactics
35:11 Chain Mail Armor
35:35 Iron Casting
39:26 Imperial Age
40:03 Houfnice
41:11 Conscription
41:19 Halberdier
43:31 Blast Furnace
43:02 Plate Mail Armor
pip
6:38 Loom
11:42 Feudal Age
16:38 Castle Age
15:33 Horse Collar
16:01 Double-Bit Axe
19:21 Wheelbarrow
26:44 Forging
26:40 Scale Barding Armor
26:35 Scale Mail Armor
29:29 Fletching
30:14 Iron Casting
30:00 Chain Barding Armor
29:59 Hand Cart
30:15 Gold Mining
30:33 Stone Mining
31:58 Gold Shaft Mining
31:45 Scale Mail Armor
36:32 Imperial Age
34:55 Stirrups
37:16 Caravan
37:04 Elite Konnik
38:56 Blast Furnace
38:31 Plate Barding Armor
38:12 Chain Mail Armor
39:03 Elite Konnik
41:21 Plate Mail Armor
42:21 Conscription
angolobarbologna
1:32 Loom
13:03 Feudal Age
17:51 Castle Age
16:23 Double-Bit Axe
19:49 Bow Saw
23:19 Wheelbarrow
22:32 Town Watch
26:45 Horse Collar
28:57 Heavy Plow
33:26 Imperial Age
31:23 Hand Cart
31:41 Town Patrol
33:55 Gold Mining
35:55 Chemistry
35:16 Ballistics
35:58 Crop Rotation
34:56 Elite Fire Lancer
35:22 Arson
35:38 Squires
35:52 Forging
35:42 Scale Mail Armor
36:18 Murder Holes
36:28 Siege Engineers
37:08 Thunderclap Bombs
38:44 Iron Casting
38:25 Chain Mail Armor
40:20 Conscription
42:08 Blast Furnace
42:11 Gold Shaft Mining
41:24 Treadmill Crane
41:55 Masonry
41:36 Man-at-Arms
42:02 Gambesons
44:08 Architecture
43:54 Fortified Bastions
44:30 Hoardings
43:19 Elite Iron Pagoda
44:11 Scale Barding Armor
47:00 Chain Barding Armor
Porfido
7:07 Loom
12:14 Feudal Age
16:17 Castle Age
15:00 Double-Bit Axe
14:57 Horse Collar
23:25 Wheelbarrow
23:36 Bow Saw
23:33 Gold Mining
24:58 Heavy Plow
25:05 Stone Mining
27:44 Hand Cart
31:17 Imperial Age
29:04 Fletching
29:14 Padded Archer Armor
29:49 Ballistics
31:17 Stone Shaft Mining
30:59 Bodkin Arrow
31:19 Leather Archer Armor
32:42 Thumb Ring
33:32 Ring Archer Armor
35:24 Conscription
35:54 Bracer
36:57 Chemistry
35:29 Elite Genoese Crossbowman
40:55 Two-Man Saw
BattiLaFiacca
1:16 Loom
12:55 Feudal Age
18:20 Castle Age
18:43 Double-Bit Axe
30:59 Imperial Age
29:30 Bow Saw
30:13 Wheelbarrow
29:22 Horse Collar
30:45 Chemistry
29:58 Masonry
29:52 Town Watch
30:56 Wagenburg Tactics
31:19 Hand Cart
31:29 Ballistics
32:31 Heavy Plow
32:31 Fletching
32:53 Forging
32:44 Scale Mail Armor
32:14 Pikeman
32:55 Squires
33:37 Town Patrol
35:14 Siege Engineers
36:53 Bombard Tower
40:12 Heavy Scorpion
42:44 Iron Casting
42:25 Chain Mail Armor
44:33 Blast Furnace
43:30 Bodkin Arrow
43:40 Houfnice
MiloJ
0:30 Loom
11:20 Feudal Age
14:09 Horse Collar
14:16 Double-Bit Axe
19:24 Castle Age
18:54 Wheelbarrow
20:51 Heavy Plow
21:02 Bow Saw
21:43 Hand Cart
25:43 Gold Mining
25:53 Stone Mining
26:59 Gold Shaft Mining
27:21 Stone Shaft Mining
29:31 Caravan
34:29 Imperial Age
32:41 Town Watch
33:12 Forging
33:44 Husbandry
33:53 Town Patrol
35:58 Iron Casting
35:29 Scale Barding Armor
35:20 Stronghold
34:52 Cavalier
34:59 Onager
37:30 Chemistry
36:51 Ballistics
36:58 Conscription
36:49 Furor Celtica
36:26 Paladin
38:13 Blast Furnace
39:49 Heavy Scorpion
40:52 Chain Barding Armor
40:39 Siege Engineers
43:03 Capped Ram
43:45 Scale Mail Armor
43:08 Elite Woad Raider
44:02 Siege Ram
Connection lost

Rejoining the realm…

Still unreachable

The connection could not be restored.

Session expired

The server has moved on; the page needs a fresh start.